 Dungeon Crawl Stone Soup version 0.29.0-4-gdea44cf6ec (webtiles) character file.

Game seed: 18113338097186034715

82 qw the Ruffian (level 4, -4/35 HPs)
             Began as a Ghoul Fire Elementalist on Aug 29, 2022.
             Slain by Sigmund
             ... wielding a +0 scythe
              (6 damage)
             ... on level 3 of the Dungeon.
             The game lasted 00:02:13 (2830 turns).

qw the Ruffian (Ghoul Fire Elementalist)            Turns: 2830, Time: 00:02:13

Health: -4/35      AC: 14    Str: 13    XL:     4   Next: 43%
Magic:  5/5        EV:  6    Int: 10    God:
Gold:   41         SH:  0    Dex:  9    Spells: 5/6 levels left

rFire   . . .      SeeInvis .     - Unarmed
rCold   + . .      Faith    .   (no shield)
rNeg    + + +      Spirit   .   a - +0 chain mail
rPois   inf        Reflect  .   (no helmet)
rElec   .          Harm     .   (no cloak)
rCorr   .          Rampage  .   b - +1 pair of gloves
Will    .....                   (no boots)
Stlth   ..........              (no amulet)
HPRegen 0.00/turn               f - +4 ring of protection
MPRegen 0.09/turn               (no ring)

@: inhibited regen
A: claws 1, cold resistance 1, negative energy resistance 3, inhibited
regeneration, torment resistance 2, devour on kill
a: no special abilities


You were on level 3 of the Dungeon.
You visited 1 branch of the dungeon, and saw 3 of its levels.

You collected 41 gold pieces.


Innate Abilities, Weirdness & Mutations

You are immune to poison.
You have sharp fingernails.
Your flesh is cold resistant. (rC+)
You are immune to negative energy. (rN+++)
You do not regenerate when monsters are visible.
You are immune to unholy pain and torment.
You thrive by killing the living.


   Skills:
 - Level 1.0 Fighting
 - Level 1.0 Armour
 - Level 1.7 Dodging
 - Level 2.1 Stealth
 + Level 3.7 Unarmed Combat
 - Level 1.7 Spellcasting
 - Level 0.7 Conjurations
 - Level 2.4 Fire Magic


You had 5 spell levels left.
You knew the following spells:

 Your Spells              Type           Power      Damage    Failure   Level
a - Foxfire               Conj/Fire      16%        2x1d4     99%         1

Your spell library contained the following spells:

 Spells                   Type           Power      Damage    Failure   Level
 Scorch                   Fire           10%        2d6       99%         2
 Conjure Flame            Conj/Fire      4%         6-21      100%        3
 Inner Flame              Hex/Fire       3%         N/A       100%        3
 Flame Wave               Conj/Fire      4%         2d5       100%        4

Inventory:

Armour
 a - a +0 chain mail (worn)
 b - a +1 pair of gloves (worn)
Jewellery
 f - a +4 ring of protection (left hand)
Scrolls
 d - a scroll of amnesia {unknown}
 g - a scroll of poison {unknown}
 h - a scroll of identify
 k - a scroll of summoning {unknown}
Potions
 e - a potion of resistance {unknown}
 i - a potion of degeneration {unknown}
 j - a potion of ambrosia {unknown}

Dungeon Overview and Level Annotations

Branches:
Dungeon (3/15)

Altars:

Annotations:
D:3 Sigmund


Message History

You swing at nothing.
You swing at nothing.
Something hits you but does no damage.
You swing at nothing.
A magic dart appears from out of thin air!
The magic dart hits you.
You swing at nothing.
Something hits you but does no damage.
You swing at nothing.
You swing at nothing.
You hear some strange, mumbled words.
Something tries to affect you, but you resist.
You swing at nothing.
Something hits you.
You swing at nothing.
You swing at nothing.
Something hits you but does no damage.
You swing at nothing.
Something hits you but does no damage.
You swing at nothing.
You swing at nothing.
Something hits you!
You swing at nothing.
You swing at nothing.
Something hits you!
You swing at nothing.
You hear the quick rusting of a drain nearby.
Something hits you but does no damage.
You swing at nothing.
You swing at nothing.
Something hits you but does no damage.
You swing at nothing.
You swing at nothing.
Something hits you.
You swing at nothing.
Something hits you but does no damage.
You swing at nothing.
You swing at nothing.
Something hits you.
You die...

#.########.#
#####..........#
#..........#####
#..........#
#..........# #
#..........# #
#####...######
### #.....###
#.. #@##### #.#
#.......# #.#
#.{.....# #.#
#.......# #.#
#.......# #.#
'.......# #.#
#.......# #.#
#.......# #.#
#.#


There were no monsters in sight!

Vanquished Creatures
  3 adders
  A worm (D:2)
  A dart slug (D:1)
  An orc (D:3)
  8 endoplasms
  3 giant cockroaches (D:1)
  7 goblins
  2 hobgoblins
  2 quokkas
  3 ball pythons
  5 bats
  6 frilled lizards
  2 kobolds
  2 rats (D:1)
46 creatures vanquished.

Notes
Turn   | Place    | Note
-------+----------+-------------------------------------------
     0 | D:1      | qw the Ghoul Fire Elementalist began the quest for the Orb.
     0 | D:1      | Reached XP level 1. HP: 14/14 MP: 2/2
     0 | D:1      | 0 ||| qw: Version: 0.1-a-90-g952f4b7
     0 | D:1      | 0 ||| qw: Game counter: 4142
     0 | D:1      | 0 ||| qw: Always use a shield: true
     0 | D:1      | 0 ||| qw: God list: Okawaru
     0 | D:1      | 0 ||| qw: Allow faded altars: false
     0 | D:1      | 0 ||| qw: Do Orc after D:15 true
     0 | D:1      | 0 ||| qw: Do second Lair branch before Depths: true
     0 | D:1      | 0 ||| qw: Lair rune preference: random
     0 | D:1      | 0 ||| qw: Plans: Normal
     0 | D:1      | 0 ||| PLANNING D:1-11
    72 | D:1      | Reached skill level 1 in Unarmed Combat
   330 | D:1      | Reached skill level 1 in Fighting
   330 | D:1      | Reached XP level 2. HP: 23/23 MP: 3/3
   342 | D:1      | Found a faded altar of an unknown god.
   391 | D:1      | 391 ||| Stepping ~*~*~tactically~*~*~ (outnumbered).
   708 | D:1      | Reached skill level 2 in Unarmed Combat
   921 | D:1      | 921 ||| Stepping ~*~*~tactically~*~*~ (stealth).
   922 | D:1      | 922 ||| Stepping ~*~*~tactically~*~*~ (stealth).
   924 | D:1      | 924 ||| Stepping ~*~*~tactically~*~*~ (stealth).
  1001 | D:1      | Reached XP level 3. HP: 26/28 MP: 4/4
  1281 | D:1      | 1281 ||| UPGRADING to +0 scale mail.
  1291 | D:1      | 1291 ||| DROPPING +0 robe.
  1292 | D:1      | 1292 ||| READING scroll labelled KUCUN TIMNUD.
  1293 | D:1      | 1293 ||| READING 2 scrolls labelled RAEBYISTRAB.
  1294 | D:1      | 1294 ||| READING scroll labelled OTUNTI ARHISCH.
  1295 | D:1      | 1295 ||| DRINKING 2 cyan potions.
  1296 | D:1      | 1296 ||| DROPPING potion of magic.
  1527 | D:2      | 1527 ||| Stepping ~*~*~tactically~*~*~ (outnumbered).
  1715 | D:2      | Reached skill level 3 in Unarmed Combat
  2378 | D:2      | 2378 ||| UPGRADING to +0 chain mail.
  2388 | D:2      | 2388 ||| UPGRADING to +1 pair of gloves.
  2393 | D:2      | 2393 ||| DROPPING +0 scale mail.
  2394 | D:2      | 2394 ||| UPGRADING to +4 ring of protection.
  2413 | D:3      | 2413 ||| PLANNING SEWER
  2415 | D:3      | 2415 ||| STAIRDANCE
  2532 | D:3      | Reached XP level 4. HP: 35/35 MP: 5/5
  2554 | D:3      | Reached skill level 1 in Armour
  2554 | D:3      | 2554 ||| Stepping ~*~*~tactically~*~*~ (stealth).
  2582 | D:3      | 2582 ||| Stepping ~*~*~tactically~*~*~ (stealth).
  2790 | D:3      | Noticed Sigmund
  2793 | D:3      | 2793 ||| DRINKING 3 potions of curing.
  2793 | D:3      | 2793 ||| (to cure confusion)
  2794 | D:3      | 2794 ||| DRINKING 2 potions of curing.
  2794 | D:3      | 2794 ||| (to cure confusion)
  2805 | D:3      | 2805 ||| DRINKING potion of curing.
  2805 | D:3      | 2805 ||| (to cure confusion)
  2822 | D:3      | HP: 4/35 [something (9)]
  2827 | D:3      | HP: 2/35 [something (2)]
  2830 | D:3      | Slain by Sigmund

Levels and vault maps discovered:
D:1:      dpeg_arrival_tiny_a, layout_basic, dreamdust_ecumenical_altar_grove
D:2:      layout_loops_corners
D:3:      layout_basic, nemelex_dance_club_becter,
          cheibrodos_sewer_entry_sluice, ebering_ghost_gozag, fountainhead,
          uniq_sigmund

Skill      XL: |  1  2  3  4 |
---------------+-------------+-----
Unarmed Combat | 1 2 3 |  3.7
Fighting       | 1 |  1.0
Armour         | 1 |  1.0
Dodging        | |  1.7
Stealth        | |  2.1
Spellcasting   | |  1.7
Conjurations   | |  0.7
Fire Magic     | |  2.4

Action                   |  1- 3 |  4- 6 || total
-------------------------+-------+-------++-------
Melee: Unarmed           |   157 |    47 ||   204
  Use: Scroll            |     3 |       ||     3
       Potion            |     1 |     3 ||     4
Armor: Robe              |    18 |       ||    18
       Scale mail        |    22 |       ||    22
       Chain mail        |    21 |    65 ||    86
Dodge: Dodged            |    55 |    18 ||    73

Table legend:
 A = Non-vault XP
 B = Vault XP
 C = Vault XP percentage of total XP
 D = Non-vault monster count
 E = Vault monster count
 F = Vault count percentage of total count
                 A         B        C        D         E       F
            +---------+---------+-------+---------+---------+-------
      Total |     118 |       0 |   0.0 |      46 |       0 |   0.0
            +---------+---------+-------+---------+---------+-------
        D:1 |      38 |       0 |   0.0 |      22 |       0 |   0.0
        D:2 |      36 |       0 |   0.0 |      13 |       0 |   0.0
        D:3 |      44 |       0 |   0.0 |      11 |       0 |   0.0
            +---------+---------+-------+---------+---------+-------
